 Dungeon Crawl Stone Soup version 0.29.1-4-g47bece8355 (webtiles) character file.

Game seed: 2179598869147761823

901 GigaChad the Covert (level 8, -3/54 HPs)
             Began as an Octopode Brigand on Dec 9, 2022.
             Slain by an orc priest
             ... wielding a +0 hand axe
              (5 damage)
             ... on level 5 of the Dungeon.
             The game lasted 00:13:09 (5948 turns).

GigaChad the Covert (Octopode Brigand)              Turns: 5948, Time: 00:13:10

Health: -3/54      AC:  1    Str: 13    XL:     8   Next: 7%
Magic:  11/11      EV: 14    Int: 13    God:
Gold:   279        SH:  5    Dex: 23    Spells: 11/11 levels left

rFire   . . .      SeeInvis .   z - +8 spear of Qugut {elec, Contam rPois Str+2 Dex+8}
rCold   + . .      Faith    .   (no shield)
rNeg    . . .      Spirit   .   (helmet restricted)
rPois   +          Reflect  +   k - amulet of reflection
rElec   .          Harm     .   f - ring of poison resistance
rCorr   .          Rampage  .   p - ring of protection from cold
Will    .....                   (no ring)
Stlth   ++++++....              (no ring)
HPRegen 0.18/turn               (no ring)
MPRegen 0.12/turn               (no ring)
                                (no ring)
                                (no ring)

@: no status effects
A: almost no armour, amphibious, 8 rings, camouflage 1, gelatinous body 1,
(nimble swimmer 1), tentacles
a: no special abilities


You were on level 5 of the Dungeon.
You visited 1 branch of the dungeon, and saw 5 of its levels.
You also visited: Sewer.

You collected 279 gold pieces.

Inventory:

Hand Weapons
 a - a +2 dagger
 l - a +0 rapier
 z - the +8 spear of Qugut (weapon) {elec, Contam rPois Str+2 Dex+8}
   (You found it on level 4 of the Dungeon)

   It occasionally discharges a powerful burst of electricity upon striking a
   foe.
   Str:       It affects your strength (+2).
   Dex:       It affects your dexterity (+8).
   rPois:     It protects you from poison.
   Contam:    It causes magical contamination when unequipped.
Missiles
 b - 35 poisoned darts (quivered)
 c - 4 curare-tipped darts
 t - 4 atropa-tipped darts
Jewellery
 f - a ring of poison resistance (left tentacle)
 g - a ring of protection from cold
 k - an amulet of reflection (around mantle)
 p - a ring of protection from cold (right tentacle)
Wands
 o - a wand of digging (5)
 B - a wand of mindburst (4)
Scrolls
 d - 5 scrolls of identify {unknown}
 e - 2 scrolls of teleportation {unknown}
 n - a scroll of magic mapping {unknown}
 q - 2 scrolls of enchant weapon {unknown}
 w - 3 scrolls of immolation {unknown}
 x - 2 scrolls of noise {unknown}
 y - a scroll of amnesia
 A - 2 scrolls of butterflies {unknown}
 C - a scroll of torment {unknown}
Potions
 h - 5 potions of mutation {unknown}
 i - 3 potions of curing {unknown}
 j - 2 potions of ambrosia {unknown}
 m - 3 potions of flight {unknown}
 r - 2 potions of cancellation {unknown}
 s - a potion of degeneration {unknown}
 u - 2 potions of heal wounds {unknown}
 v - a potion of magic {unknown}


   Skills:
 * Level 3.7 Fighting
 + Level 3.8 Short Blades
 + Level 1.6 Polearms
 * Level 3.6 Throwing
 * Level 2.8 Dodging
 + Level 9.0 Stealth
 + Level 0.7 Shields
 * Level 2.4 Spellcasting


You had 11 spell levels left.
You didn't know any spells.
Your spell library contained the following spells:

 Spells                   Type           Power      Damage    Failure   Level
 Sting                    Tmut/Pois      4%         1d3       24%         1
 Poisonous Vapours        Pois/Air       2%         N/A       36%         2
 Static Discharge         Conj/Air       1%         3-4/arc   36%         2
 Inner Flame              Hex/Fire       1%         N/A       58%         3
 Olgreb's Toxic Radiance  Pois           1%         N/A       94%         4
 Sticky Flame             Conj/Fire      1%         2d3       94%         4
 Freezing Cloud           Conj/Ice/Air   0%         6-21      100%        5
 Conjure Ball Lightning   Conj/Air       0%         3x3d6     100%        6
 Simulacrum               Ice/Necr       0%         N/A       100%        6
 Polar Vortex             Ice            0%         N/A       100%        9


Dungeon Overview and Level Annotations

Branches:
Dungeon (5/15)              Sewer (visited)
 Temple: D:4-7

Altars:
Fedhas

Annotations:
D:3 exclusion: oklob plant


Innate Abilities, Weirdness & Mutations

You cannot wear most types of armour.
You are amphibious.
You can wear up to eight rings at the same time.
Your skin changes colour to match your surroundings (Stealth+).
Your rubbery body absorbs attacks. (AC +1, EV +1)
((You are camouflaged when in or above water. (Stealth+)))
You have tentacles for arms and can constrict up to eight enemies at once.


Message History

You hit the orc. Lightning courses through the orc!!
You kill the orc!
The orc hits you with a +0 dagger.
A magic dart appears from out of thin air!
The magic dart hits you!
The orc priest hits you with a +0 hand axe.
The orc closely misses you. Something hits you.
Things that are here:
a +0 flail; a +0 chain mail You barely miss the orc.
Your grab misses the orc. Your squeeze misses the orc.
The orc priest hits you with a +0 hand axe.
The orc hits you with a +0 dagger. Something hits you.
You puncture the orc!
You kill the orc!
The orc priest hits you with a +0 hand axe.
You hear some strange, mumbled words.
You are confused.
The orc priest calls down the wrath of Beogh upon you.
Pain shoots through your body!
You miss something. You squeeze something. The orc priest barely misses you.
Something hits you.
You bump into the rock wall.
The orc priest hits you with a +0 hand axe.
* * * LOW HITPOINT WARNING * * *
You hear some strange, mumbled words.
A puff of flame appears from out of thin air!
The puff of flame hits you!
* * * LOW HITPOINT WARNING * * *
The gnoll misses you. Something hits you.
* * * LOW HITPOINT WARNING * * *
You feel less confused.
The orc priest attacks as you move away!
The orc priest hits you with a +0 hand axe.
* * * LOW HITPOINT WARNING * * *
The orc priest attacks as you move away!
The orc priest misses you.
The orc priest attacks as you move away!
The orc priest hits you with a +0 hand axe.
You die...

#.## .# .....####.###
......#....### .
............# ...###
#.##........# #
.......##.#........##..
............#†.........
............#........!#
........<@o.g..)......#
..........#...))..##..
...........####........
......#....#####........
..... #........#........
......##.######.#....!...
..........##..# #........
#...##.......# #........
##.##....(#### #########


You could see an orc priest and a gnoll.

Vanquished Creatures
  Blork the orc (D:4)
  4 kobold brigands (Sewer)
  3 scorpions
  A hound (D:3)
  2 orc wizards (D:5)
  3 iguanas
  A gnoll (D:3)
  13 adders
  2 river rats
  2 worms
  6 orcs
  21 ball pythons
  5 endoplasms
  2 giant cockroaches
  6 hobgoblins
  2 jackals (D:4)
  11 kobolds
  2 quokkas
  6 bats
  3 frilled lizards
  6 goblins
  7 rats
109 creatures vanquished.

Vanquished Creatures (others)
  2 fungi (D:3)
  A plant (D:3)
  15 toadstools (D:3)
18 creatures vanquished.

Grand Total: 127 creatures vanquished

Notes
Turn   | Place    | Note
-------+----------+-------------------------------------------
     0 | D:1      | GigaChad the Octopode Brigand began the quest for the Orb.
     0 | D:1      | Reached XP level 1. HP: 14/14 MP: 1/1
   271 | D:1      | Reached XP level 2. HP: 19/19 MP: 2/2
   602 | D:1      | Reached skill level 6 in Stealth
   982 | D:2      | Reached XP level 3. HP: 20/24 MP: 3/3
  1791 | D:2      | Found a faded altar of an unknown god.
  2353 | D:3      | Reached XP level 4. HP: 29/29 MP: 4/4
  2492 | D:3      | Found a glowing drain.
  2533 | D:3      | Reached skill level 7 in Stealth
  2548 | Sewer    | Entered a sewer
  2598 | Sewer    | Reached XP level 5. HP: 35/35 MP: 6/6
  2692 | Sewer    | Noticed a kobold brigand
  2702 | Sewer    | Killed a kobold brigand
  2703 | Sewer    | Reached skill level 1 in Spellcasting
  2754 | Sewer    | Noticed a kobold brigand
  2766 | Sewer    | Killed a kobold brigand
  2767 | Sewer    | Reached XP level 6. HP: 28/41 MP: 6/8
  3219 | Sewer    | Reached skill level 8 in Stealth
  3219 | Sewer    | Reached XP level 7. HP: 43/46 MP: 9/9
  3861 | D:3      | Found a blossoming altar of Fedhas.
  3905 | D:3      | Noticed an oklob plant
  4179 | D:4      | Identified the +8 spear of Qugut {elec, Contam rPois Str+2
                  | Dex+8}
  4792 | D:4      | Noticed Blork the orc
  4802 | D:4      | Killed Blork the orc
  5692 | D:4      | Got the Volume of Conflagrant Conjury
  5772 | D:5      | Entered Level 5 of the Dungeon
  5777 | D:5      | Reached skill level 1 in Polearms
  5931 | D:5      | Reached skill level 9 in Stealth
  5931 | D:5      | Reached XP level 8. HP: 54/54 MP: 11/11
  5946 | D:5      | HP: 1/54 [orc priest/+0 hand axe (3)]
  5948 | D:5      | Slain by an orc priest

Illustrated notes

Levels and vault maps discovered:
D:1:      dpeg_arrival_shrine, layout_loops_cross, st_stairs_6
D:2:      layout_basic, shapermc_ecumenical_altar_pompeii
D:3:      layout_basic, tgw_fedhas, cheibrodos_sewer_entry_sluice,
          minmay_pentomino_pile
D:4:      layout_cave_pods, grunt_tough_drop, uniq_blork_the_orc
D:5:      layout_cave_pools, mainiacjoe_overflow_paths, serial_co_window_serial,
          co_window_paths_a, co_window_paths_a, co_window_corner_a,
          co_window_paths_b, co_window_paths_b, co_window_paths_a,
          co_window_of_opportunity_a, co_window_unsneaky_path_c,
          co_window_corner_b, co_window_2corner, co_window_2corner,
          co_window_corner_cb, co_window_of_opportunity_c, glass_columns_a,
          glass_columns_a, glass_columns_b, glass_columns_c, glass_columns_c,
          nicolae_shop_vocational

Skill      XL: |  1  2  3  4  5  6  7 |
---------------+----------------------+-----
Stealth        | 6 7 8 9 |  9.0
Spellcasting   | 1 2 |  2.4
Short Blades   | 3 |  3.8
Dodging        | 2 |  2.8
Throwing       | 3 |  3.6
Fighting       | 3 |  3.7
Polearms       | 1 |  1.6
Shields        | |  0.7

Action                   |  1- 3 |  4- 6 |  7- 9 || total
-------------------------+-------+-------+-------++-------
Melee: Dagger            |    38 |       |       ||    38
       Constrict         |    11 |    13 |    25 ||    49
       Tentacles         |     6 |    14 |    13 ||    33
       Punch             |     1 |       |     3 ||     4
       Rapier            |    20 |    52 |    35 ||   107
       Spear             |       |       |    60 ||    60
Throw: Dart              |     6 |       |       ||     6
  Use: Scroll            |     1 |     3 |       ||     4
 Stab: Sleeping          |     9 |    13 |    14 ||    36
       Distracted        |       |       |     2 ||     2
Armor: Skin              |     3 |     1 |     4 ||     8
Dodge: Dodged            |    33 |    19 |    34 ||    86
Block: Other             |     2 |     7 |    17 ||    26
       Reflection        |       |       |     1 ||     1
